Map: Mécanisation EC

Players

Sorandom

  • Race: Zerg Zerg
  • League: Diamond
  • Spawn Location: 3:00

Saryrn - Winner!

  • Race: Zerg Zerg
  • League: Diamond
  • Spawn Location: 9:00

VOD

Have the link to the VOD?

Description

Time

  • Played on: April 8, 2019, 10:34 a.m.
  • Length: 8:04
Show
View Real Time Build Order
Export as new Build Order

Sorandom Zerg 

Build Orders: Pool First 

Get SALT Encoding   

  12  0:19  Spawning Pool  
  11  0:28  Overlord  
  11  0:32  Drone  
  12  0:37  Drone  
  13  1:06  Zergling x6  
  16  1:23  Zergling x2  
  17  1:31  Zergling x2  
  18  1:39  Zergling x2  
  19  2:00  Zergling x4  
  20  2:23  Spine Crawler  
  20  2:24  Spine Crawler  
  14  2:47  Spine Crawler  
  13  3:04  Zergling x4  
  12  3:16  Zergling x2  
  10  3:35  Zergling x2  
  6  3:57  Drone  
  7  4:23  Drone  
  8  4:36  Drone  
  9  4:49  Drone  
  10  4:59  Drone  
  11  5:10  Drone  
  12  5:21  Drone  
  13  5:32  Drone x2  
  15  5:38  Drone  
  16  5:44  Drone  
  17  5:54  Drone  
  18  6:03  Queen  
  20  6:10  Overlord  
  20  6:15  Drone  
  21  6:26  Drone  
  21  6:30  Extractor  
  21  6:39  Queen, Drone  
  24  6:52  Drone  
  25  6:59  Drone  
  26  7:22  Drone x3  
  29  7:25  Hatchery  
  28  7:37  Zergling x4  
  30  7:46  Overlord, Baneling Nest  
Show
View Real Time Build Order
Export as new Build Order

Saryrn Zerg - Winner!

Build Orders: Pool First 

Get SALT Encoding   

  12  0:01  Drone  
  13  0:08  Drone  
  14  0:26  Spawning Pool  
  13  0:30  Drone  
  14  0:38  Extractor  
  14  0:40  Drone  
  14  0:43  Extractor, Drone  
  15  0:50  Overlord  
  15  1:14  Zergling x6  
  15  1:15  Queen  
  20  1:25  Zergling x2  
  21  1:45  Hatchery  
  20  1:59  Zergling x4  
  21  2:02  Spine Crawler  
  11  2:35  Zergling x6  
  14  2:44  Zergling x4  
  16  2:59  Overlord  
  16  3:00  Zergling x2  
  17  3:06  Zergling x2  
  14  3:15  Zergling x4  
  15  3:43  Metabolic Boost  
  15  3:56  Drone x5  
  20  4:10  Drone x2  
  22  4:23  Drone x3  
  25  4:44  Hatchery  
  24  5:10  Overlord, Baneling Nest  
  23  5:21  Drone  
  23  5:22  Drone x5  
  29  5:40  Overlord  
  29  5:50  Zergling x4  
  29  5:51  Zergling x4  
  29  5:54  Baneling x4  
  33  6:19  Baneling x2  
  33  6:22  Zergling x4  
  33  6:23  Queen  
  33  6:24  Drone x4  
  41  6:30  Lair  
  41  6:42  Overlord  
  41  6:43  Spine Crawler  
  41  6:45  Overlord  
  40  7:10  Zergling x2  
  40  7:11  Zergling x12  
  40  7:12  Zergling x4  
  49  7:36  Drone x5  
  49  7:37  Drone  
  55  7:43  Evolution Chamber  
  54  7:44  Baneling x3  
  54  7:45  Evolution Chamber, Baneling x3, Overlord  
  54  7:46  Overlord  
Tags
 
Matchup
ZvZ
Race
Zerg
Replay Pack
Pack 2
Spawn Locations
Cross Positions
Add a new tag
Caveats
  • Supply blocks, unpowered buildings, or Contaminate may cause inaccurate times.
  • Supply counts are checked every 10 seconds.